 Dungeon Crawl Stone Soup version 0.25-a0-730-g633e9c3c14 (webtiles) character file.

Game seed: 3525570408969619882, levelgen mode: deterministic

11 vurker the Chiller (level 2, -1/12 HPs)
             Began as a Felid Ice Elementalist on Apr 7, 2020.
             Slain by a hobgoblin
             ... wielding a +0 short sword
              (3 damage)
             ... on level 1 of the Dungeon.
             The game lasted 00:01:07 (473 turns).

vurker the Chiller (Felid Ice Elementalist)          Turns: 473, Time: 00:01:07

Health: -1/12      AC:  1    Str:  2    XL:     2   Next: 17%
Magic:  3/6        EV: 18    Int: 16    God:
Gold:   21         SH:  4    Dex: 16    Spells: 4/5 levels left
                                        Lives:  0   Deaths: 0

rFire    . . .     SeeInvis +   (weapon unavailable)
rCold    + . .     Gourm    .   (shield unavailable)
rNeg     . . .     Faith    .   (armour unavailable)
rPois    .         Spirit   .   (helmet unavailable)
rElec    .         Reflect  .   (cloak unavailable)
rCorr    .         Harm     .   (gloves unavailable)
MR       .....                  (boots unavailable)
Stlth    +++.......             (no amulet)
HPRegen  0.04/turn              a - ring of flight
MPRegen  0.10/turn              (no ring)

@: lethally poisoned (-1 -> -7), quick
A: very small, no armour, no weapons or thrown items, stealth, claws 1, fangs 3,
large bone plates 1, see invisible, carnivore, cold resistance 1, speed 1,
shaggy fur 1, slow metabolism 1, weak 1, sharp paws
a: Evoke Flight


You were on level 1 of the Dungeon.
You were not hungry.

You visited 1 branch of the dungeon, and saw 1 of its levels.

You collected 21 gold pieces.

Inventory:

Jewellery
 a - a ring of flight (left paw)
   (You found it on level 1 of the Dungeon)
Scrolls
 d - a scroll of remove curse {unknown}
Comestibles
 e - a ration


   Skills:
 + Level 0.5 Fighting
 - Level 2.6 Dodging
 - Level 2.6 Stealth
 * Level 2.3 Spellcasting
 * Level 3.8 Ice Magic


You had 4 spell levels left.
You knew the following spells:

 Your Spells              Type           Power        Failure   Level  Hunger
a - Freeze                Ice            ##..         4%          1    #......

Your spell library contained the following spells:

 Spells                   Type           Power        Failure   Level  Hunger
 Frozen Ramparts          Ice            ##....       12%         3    ###....
 Ozocubu's Armour         Chrm/Ice       #.......     26%         3    ###....
 Hailstorm                Conj/Ice       #.......     65%         4    #####..
 Summon Ice Beast         Ice/Summ       #.......     65%         4    #####..


Dungeon Overview and Level Annotations

Branches:
Dungeon (1/15)

Altars:


Innate Abilities, Weirdness & Mutations

You cannot wear armour.
You are incapable of wielding weapons or throwing items.
Your paws allow you to move quietly. (Stealth)
You have sharp claws.
You have razor-sharp teeth.
You have supernaturally acute eyesight. (SInv)
You are carnivorous and can eat meat at any time.
You cover ground quickly.
You are covered in fur. (AC +1)
You have a slow metabolism.
Your sharp claws are effective at attacking unaware monsters.
You are partially covered in large bone plates. (SH +4)
Your flesh is cold resistant. (rC+)
You are weak. (Str -2)


Message History

You kill the rat!
You have reached level 2!
The ball python hisses angrily.
The ball python bites you. The ball python grabs you.
The ball python constricts you.
Aim: a ball python (constricting you)
You freeze the ball python.
You kill the ball python!
A bat comes into view.
You can't see any susceptible monsters within range! (Use Z to cast anyway.)
A goblin comes into view. It is wielding a +0 dagger of venom.
Aim: a goblin, wielding a +0 dagger of venom (hasn't noticed you)
You freeze the goblin.
The goblin shouts!
The goblin drinks a potion.
The goblin is healed!
Aim: a goblin, wielding a +0 dagger of venom You freeze the goblin.
The goblin hits you but does no damage.
You are lethally poisoned!
Aim: a goblin, wielding a +0 dagger of venom (moderately wounded)
You freeze the goblin.
You kill the goblin!
You feel sick.
It was a potion of magic.
Magic courses through your body.
You feel sick.
It was a potion of mutation.
You feel extremely strange.
You feel weaker.
You feel resistant to cold.
Large bone plates grow over parts of your legs.
You feel sick.
Things that are here:
a +0 dagger of venom; a goblin corpse A kobold comes into view.
It is wielding a +1 hand axe of freezing.
* * * LOW HITPOINT WARNING * * *
You feel sick.
Aim: a kobold, wielding a +1 hand axe of freezing and wearing a cursed -3 ring of evasion You freeze the kobold.
The hobgoblin shouts!
* * * LOW HITPOINT WARNING * * *
You feel sick.
You hear a shout!
The kobold hits you with a +1 hand axe of freezing.
* * * LOW HITPOINT WARNING * * *
Aim: a kobold, wielding a +1 hand axe of freezing and wearing a cursed -3 ring of evasion (severely wounded)
You freeze the kobold.
You kill the kobold!
You can't see any susceptible monsters within range! (Use Z to cast anyway.)
* * * LOW HITPOINT WARNING * * *
You feel sick.
Aim: a hobgoblin, wielding a +0 short sword You freeze the hobgoblin.
The hobgoblin hits you with a +0 short sword.
You die...

##.......#.
#.........#
#.........#
.####.........#
..............#
...##)........#
....##...)...#
..##...#g@...#
.....#...##### # #
#......).########
.#..
#####..#........###..
##.########......
#..########..## #
#.............###..
######...#..#......
###.>.....#


You could see a hobgoblin.

Vanquished Creatures
  A dart slug (D:1)
  A goblin (D:1)
  A hobgoblin (D:1)
  3 kobolds (D:1)
  A ball python (D:1)
  A bat (D:1)
  A rat (D:1)
9 creatures vanquished.

Notes
Turn   | Place    | Note
-------+----------+-------------------------------------------
     0 | D:1      | vurker the Felid Ice Elementalist began the quest for the
                  | Orb.
     0 | D:1      | Reached XP level 1. HP: 7/7 MP: 4/4
   428 | D:1      | Reached XP level 2. HP: 11/12 MP: 4/6
   466 | D:1      | Gained mutation: You are weak. (Str -2) [potion of
                  | mutation]
   466 | D:1      | Gained mutation: Your flesh is cold resistant. (rC+)
                  | [potion of mutation]
   466 | D:1      | Gained mutation: You are partially covered in large bone
                  | plates. (SH +4) [potion of mutation]
   473 | D:1      | Slain by a hobgoblin

Levels and vault maps discovered:
D:1:      tarquinn_simple_flora_water_f, layout_rooms, due_unseen_surprise

Action                   || total
-------------------------++-------
Melee: Unarmed           ||     3
 Cast: Freeze            ||    15
  Use: Potion            ||     2
  Eat: Chunk             ||     1
Dodge: Dodged            ||     6

Table legend:
 A = Non-vault XP
 B = Vault XP
 C = Vault XP percentage of total XP
 D = Non-vault monster count
 E = Vault monster count
 F = Vault count percentage of total count
                 A         B        C        D         E       F
            +---------+---------+-------+---------+---------+-------
      Total |      17 |       0 |   0.0 |       9 |       0 |   0.0
            +---------+---------+-------+---------+---------+-------
        D:1 |      17 |       0 |   0.0 |       9 |       0 |   0.0
            +---------+---------+-------+---------+---------+-------
